Salty orangepest

Match 21473625
End
Construct Barracks
Selects Special Operations Battlegroup
Selects M29 Weasel Recon Vehicle
M29 Weasel Recon Vehicle
Riflemen Squad
Riflemen Squad
Riflemen Squad
Infantry Support Center
Construct Motor Pool
M8 Greyhound Armored Car
Engineer Squad
Construct Medical Station
Selects P-47 Anti-Infantry Loiter
M1918 Browning Automatic Rifles
M1 Anti-tank Gun Team
P-47 Anti-Infantry Loiter
M1 Anti-tank Gun Team
M8 Greyhound Armored Car
Orangepest
Reakly
0
0

Comments sign in to comment!

No comments posted yet!